 Dungeon Crawl Stone Soup version 0.18-b1-22-ge198996 (webtiles) character file.

126 Alarkh the Poker (level 4, -8/33 HPs)
             Began as a Mummy Skald on May 3, 2016.
             Was an Initiate of Gozag.
             Mangled by an orc priest
             ... wielding a +0 flail
              (11 damage)
             ... on level 3 of the Dungeon.
             The game lasted 00:04:51 (2619 turns).

Alarkh the Poker (Mummy Skald)                      Turns: 2619, Time: 00:04:52

Health: -8/33      AC:  8    Str: 15    XL:     4   Next: 84%
Magic:  1/7        EV: 11    Int: 12    God:    Gozag
Gold:   155        SH:  0    Dex: 11    Spells: 3 memorised, 2 levels left

rFire  x . .     SeeInvis .     a - +0 spear
rCold  + . .     Gourm    .     b - +0 leather armour
rNeg   + + +     Faith    .     (no shield)
rPois  ∞         Spirit   .     k - +1 helmet
rElec  .         Dismiss  .     (no cloak)
rCorr  .         Reflect  .     f - +2 pair of gloves
SustAt .         Harm     .     (no boots)
MR     .....                    (no amulet)
Stlth  +.........               (no ring)
                                (no ring)

@: infused (expiring), drained, not resistant to hostile enchantments, very
unstealthy
A: no food or potions, fire vulnerability, cold resistance 1, negative energy
resistance 3, torment resistance, unbreathing
a: Potion Petition, Call Merchant, Bribe Branch, Renounce Religion


You were on level 3 of the Dungeon.
You worshipped Gozag.
Gozag was noncommittal.
You were not hungry.

You visited 1 branch of the dungeon, and saw 3 of its levels.

You collected 177 gold pieces.
You paid 22 gold pieces to Gozag.

Inventory:

Hand Weapons
 a - a +0 spear (weapon)
Armour
 b - a +0 leather armour (worn)
 f - a +2 pair of gloves (worn)
 k - a +1 helmet (worn)
Jewellery
 h - an uncursed amulet of harm
Scrolls
 d - a scroll of teleportation
 e - a scroll of noise {unknown}
 g - 2 scrolls of enchant armour
 i - 2 scrolls of remove curse
 j - a scroll of fog
 l - a scroll of immolation {unknown}
 m - a scroll of enchant weapon {unknown}
Books
 c - a book of Battle

   Spells                             Type                      Level
   a - Infusion                       Charms                       1
   b - Shroud of Golubria             Charms/Translocation         2
   c - Song of Slaying                Charms                       2
   d - Spectral Weapon                Hexes/Charms                 3
   e - Regeneration                   Charms/Necromancy            3


   Skills:
 - Level 2.0(1.6) Fighting
 + Level 4.2(3.8) Polearms
 - Level 0.7(0.3) Armour
 - Level 0.7(0.3) Dodging
 - Level 2.0(1.6) Spellcasting
 - Level 2.4(2.0) Charms


You had 2 spell levels left.
You knew the following spells:

 Your Spells              Type           Power        Failure   Level  Hunger
a - Infusion              Chrm           #...         17%         1    N/A
b - Song of Slaying       Chrm           #.......     28%         2    N/A
c - Shroud of Golubria    Chrm/Tloc      #.........   38%         2    N/A

Dungeon Overview and Level Annotations

Branches:
Dungeon (3/15)

Altars:
Gozag
Kikubaaqudgha
Makhleb
Okawaru
Yredelemnul


Innate Abilities, Weirdness & Mutations

You do not eat or drink.
Your flesh is vulnerable to fire.
You are immune to poison.
Your flesh is cold resistant.
You are immune to negative energy.
You are immune to unholy pain and torment.
You can survive without breathing.


Message History

You are too injured to fight recklessly!
You hit the orc priest.
The orc priest is severely wounded.
You completely miss the orc priest.
The orc priest is severely wounded.
Your magical infusion is running out.
The orc priest hits you with a flail.
You barely miss the orc priest.
The orc priest is severely wounded.
The orc priest calls down the wrath of Beogh upon you.
Beogh smites you!
* * * LOW HITPOINT WARNING * * *
You barely miss the orc priest.
The orc priest is severely wounded.
The orc priest barely misses you.
You hit the orc priest.
The orc priest is almost dead.
The orc priest hits you with a flail!
You die...
Your body crumbles into a pile of gold.

..##.# #.# #.##.######.#
#.##........# ####...........###
#....##.#####.....
#.#####.......)### #<# #.#####.##
#.# #.# #.#### .)#####@#####.#
#..... #!.....o...##.# #####. #.
#######.##.##.# #. ..#######
#.......##.## #####. #.......#
#.#####.##..# #.....
###.?.^...###.# #...##.# ##.####
......$...##..# #......###...##
..........##.o# #...#..##.....##
........$.##..#####.##..#.......#


You could see an orc priest.

Vanquished Creatures
  7 adders
  A worm (D:3)
  A dart slug (D:1)
  A giant gecko (D:1)
  2 orcs (D:2)
  7 giant cockroaches
  7 goblins
  6 hobgoblins
  6 kobolds
  8 bats
  2 giant newts
  7 rats
55 creatures vanquished.

Notes
Turn   | Place    | Note
--------------------------------------------------------------
     0 | D:1      | Alarkh the Mummy Skald began the quest for the Orb.
     0 | D:1      | Reached XP level 1. HP: 16/16 MP: 3/3
    67 | D:1      | Reached skill level 2 in Polearms
    91 | D:1      | Reached XP level 2. HP: 15/22 MP: 0/5
   594 | D:1      | Reached XP level 3. HP: 25/27 MP: 1/6
  1011 | D:2      | Reached skill level 3 in Polearms
  1342 | D:2      | Reached XP level 4. HP: 29/33 MP: 3/7
  1621 | D:2      | Found an ancient bone altar of Kikubaaqudgha.
  1623 | D:2      | Found a basalt altar of Yredelemnul.
  1624 | D:2      | Found an iron altar of Okawaru.
  1626 | D:2      | Found an opulent altar of Gozag.
  1628 | D:2      | Found a burning altar of Makhleb.
  1632 | D:2      | Became a worshipper of Gozag Ym Sagoz the Greedy
  2101 | D:2      | Reached skill level 4 in Polearms
  2602 | D:2      | Learned a level 2 spell: Song of Slaying
  2605 | D:2      | Learned a level 2 spell: Shroud of Golubria
  2619 | D:3      | Mangled by an orc priest

Skill      XL: |  1  2  3  4 |
---------------+-------------+-----
Polearms       | 2 3 4 |  4.2
Fighting       | |  2.0
Armour         | |  0.7
Dodging        | |  0.7
Spellcasting   | |  2.0
Charms         | |  2.4

Action                   |  1- 3 |  4- 6 || total
-------------------------+-------+-------++-------
Melee: Spear             |   144 |   117 ||   261
 Cast: Infusion          |    19 |    17 ||    36
       Shroud of Golubri |       |     1 ||     1
  Use: Scroll            |       |     4 ||     4
Armor: Leather armour    |    42 |    30 ||    72
Dodge: Dodged            |    75 |    60 ||   135
